Map: Rainfall LE

Players

liquidclem (Clem) - Winner!

  • Race: Terran Terran
  • League: Grandmaster
  • Spawn Location: 5:00

Elazer

  • Race: Zerg Zerg
  • League: Master
  • Spawn Location: 11:00

Event: HomeStory Cup XXIX

VOD

Have the link to the VOD?

Description

Time

  • Played on: July 3, 2026, 1:04 p.m.
  • Length: 13:15

All games in this series

Show
View Real Time Build Order
Export as new Build Order

liquidclem Terran - Winner!

Build Orders: Reaper Expand 

Get SALT Encoding   

  8  0:00  SCV  
  9  0:12  SCV  
  10  0:24  SCV  
  10  0:27  Supply Depot  
  11  0:36  SCV  
  12  0:48  SCV  
  13  0:52  Barracks  
  13  1:00  SCV  
  14  1:05  Refinery  
  14  1:13  SCV  
  15  1:25  SCV  
  16  1:39  Orbital Command  
  16  1:47  Reaper  
  17  2:04  SCV  
  18  2:09  Command Center  
  18  2:16  SCV  
  18  2:21  Marine  
  20  2:23  Supply Depot  
  20  2:28  SCV  
  21  2:40  Barracks Reactor  
  21  2:44  SCV  
  22  2:53  Command Center  
  22  2:57  SCV  
  23  3:05  Barracks  
  23  3:09  SCV  
  24  3:16  Marine x2  
  26  3:22  Orbital Command  
  26  3:23  SCV  
  27  3:30  Barracks  
  27  3:36  SCV, Marine x2  
  30  3:48  SCV x2  
  32  3:52  Barracks Tech Lab  
  32  3:54  Marine x2  
  34  4:00  SCV x2  
  36  4:04  Orbital Command  
  36  4:12  Stimpack, Marine x2, SCV x2  
  36  4:13  Marine  
  41  4:17  Barracks Tech Lab  
  41  4:21  Refinery  
  41  4:24  Supply Depot, SCV  
  41  4:25  SCV  
  41  4:30  Marine x2, SCV  
  46  4:32  Marine  
  46  4:36  SCV  
  46  4:37  Marine, SCV  
  50  4:43  SCV  
  51  4:48  Combat Shield, Marine, SCV  
  51  4:49  SCV  
  51  4:50  Supply Depot, Marine  
  51  4:51  Marine  
  55  4:55  SCV  
  55  4:57  Refinery  
  55  4:58  Marine  
  57  5:00  SCV  
  57  5:01  SCV  
  57  5:05  Factory  
  57  5:06  Marine  
  60  5:08  Marine  
  60  5:09  Marine  
  60  5:10  SCV  
  60  5:13  Supply Depot  
  60  5:14  SCV x2, Refinery  
  64  5:16  Marine  
  66  5:22  Engineering Bay, SCV  
  66  5:24  Engineering Bay  
  66  5:26  SCV  
  66  5:27  Marine  
  66  5:28  Marine x2  
  69  5:34  Marine  
  69  5:35  Supply Depot  
  71  5:43  Supply Depot  
  71  5:45  Marine, SCV x2, Bunker x2  
  71  5:47  SCV  
  75  5:50  Factory Reactor  
  75  5:51  Starport, Marine  
  75  5:53  Terran Infantry Weapons Level 1  
  75  5:55  Terran Infantry Armor Level 1  
  76  6:00  Supply Depot  
  76  6:01  SCV, Marine x2  
  76  6:03  Marine  
  80  6:04  SCV  
  80  6:08  Orbital Command  
  81  6:12  Supply Depot, Marine  
  81  6:13  SCV  
  81  6:16  SCV  
  84  6:20  Marine  
  84  6:24  Marine  
  84  6:25  SCV  
  84  6:28  Barracks Reactor, SCV  
  84  6:30  Marine, Missile Turret  
  83  6:36  Missile Turret  
  83  6:37  SCV x2  
  83  6:38  Missile Turret  
  83  6:39  Medivac  
  87  6:40  Medivac, SCV  
  87  6:43  Marine x2  
  92  6:49  SCV  
  92  6:50  SCV  
  92  6:52  SCV  
  92  6:53  Factory Reactor, Marine  
  96  6:56  Barracks  
  96  6:57  Barracks  
  96  7:01  Marine, SCV  
  96  7:02  SCV, Bunker  
  96  7:06  Marine  
  96  7:08  Marine x2  
  101  7:09  SCV, Armory  
  101  7:12  Medivac  
  101  7:13  SCV  
  101  7:14  Medivac  
  107  7:16  Marine  
  107  7:22  Marine  
  109  7:23  Supply Depot  
  109  7:24  Supply Depot  
  109  7:25  Factory  
  109  7:27  Refinery  
  109  7:28  Marine x2  
  111  7:30  Supply Depot  
  111  7:36  SCV  
  111  7:37  Supply Depot  
  111  7:45  Marine, Barracks Reactor x2, SCV x2, Widow Mine x2  
  111  7:48  Supply Depot, SCV, Medivac  
  111  7:49  Medivac  
  123  7:53  Supply Depot  
  123  7:57  Terran Infantry Weapons Level 2, Terran Infantry Armor Level 2  
  123  7:58  Marine  
  124  8:01  Marine  
  124  8:03  Marine  
  126  8:07  Marine  
  126  8:11  Command Center  
  126  8:12  Marine  
  128  8:14  Widow Mine x2  
  128  8:19  Marine x2  
  132  8:23  Marine x2  
  132  8:24  Supply Depot  
  130  8:32  Medivac x2  
  130  8:33  Marine x5  
  128  8:36  Widow Mine  
  128  8:37  Marine x2  
  128  8:40  Supply Depot, Widow Mine  
  128  8:41  Marine x2  
  136  8:48  Drilling Claws, Refinery, Terran Vehicle Weapons Level 1  
  136  8:51  Marine x4  
  136  8:54  Thor  
  136  8:55  Marine  
  147  9:01  Supply Depot  
  147  9:02  Marine  
  148  9:03  Supply Depot  
  148  9:05  Widow Mine x2  
  148  9:07  Medivac  
  154  9:10  Marine x2, Supply Depot  
  154  9:11  Marine  
  154  9:14  Marine  
  158  9:17  Medivac  
  158  9:20  SCV  
  158  9:22  SCV  
  154  9:25  Marine  
  154  9:26  Widow Mine  
  152  9:32  Marine x2, Widow Mine  
  152  9:35  SCV  
  152  9:37  Medivac  
  152  9:38  SCV, Barracks x2  
  159  9:43  Marine  
  159  9:44  Marine, Widow Mine  
  161  9:47  Marine, Medivac  
  161  9:48  SCV  
  161  9:51  Widow Mine  
  161  9:52  Marine, SCV  
  153  9:53  Marine  
  153  9:56  Marine  
  153  9:57  Marine  
  148  10:00  Missile Turret  
  148  10:01  Widow Mine, Marine x2  
  148  10:05  SCV  
  153  10:07  Medivac, Widow Mine  
  153  10:08  Marine  
  158  10:16  SCV  
  158  10:18  Widow Mine, Marine  
  158  10:19  Marine  
  157  10:22  SCV, Hellion  
  157  10:27  Planetary Fortress  
  142  10:28  Barracks Tech Lab x2  
  142  10:29  Widow Mine  
  142  10:30  Marine  
  142  10:31  Marauder  
  142  10:34  SCV  
  142  10:35  SCV x2  
  148  10:40  Marine x2  
  148  10:42  Widow Mine  
  152  10:43  Widow Mine  
  152  10:46  SCV  
  152  10:47  SCV  
  156  10:50  SCV, Widow Mine, Marine  
  156  10:51  Marine x2  
  162  11:00  Marauder  
  162  11:02  Marine x2, Marauder x2  
  172  11:04  Widow Mine  
  172  11:05  SCV  
  173  11:12  Orbital Command, Widow Mine  
  173  11:14  Marine  
  173  11:15  Marine x3  
  173  11:16  Marine  
  173  11:18  SCV  
  172  11:19  Barracks, Concussive Shells  
  172  11:20  SCV  
  172  11:21  Marauder  
  172  11:23  SCV, Marauder  
  172  11:24  Marine x2  
  172  11:25  Widow Mine  
  172  11:29  Marine x2, Widow Mine  
  172  11:30  SCV  
  166  11:33  SCV  
  166  11:34  Marine  
  166  11:35  SCV  
  166  11:39  SCV  
  166  11:41  Missile Turret  
  166  11:42  SCV, Widow Mine  
  166  11:43  Marauder  
  166  11:44  Marine  
  166  11:45  SCV, Marauder  
  166  11:46  Marine  
  175  11:47  SCV  
  175  11:48  Widow Mine  
  175  11:51  SCV  
  175  11:53  Marine, Widow Mine  
  175  11:54  Marine x2, SCV  
  178  12:02  Marine, Marauder  
  178  12:03  Marine  
  178  12:04  Widow Mine  
  178  12:07  Marine  
  185  12:13  Barracks Tech Lab, Ghost Academy  
  183  12:17  Widow Mine, Marine x2, Marauder x2  
  183  12:18  Marine  
  183  12:19  Marine  
  183  12:22  Marine x2, Widow Mine  
  196  12:25  Marauder  
  196  12:26  Marine x2, Widow Mine  
  178  12:38  Marine, Widow Mine  
  178  12:39  Marauder x2  
  178  12:43  Marauder  
  178  12:44  Widow Mine  
  183  12:49  Command Center, Widow Mine  
  172  12:51  Marauder, Marine  
  172  12:52  Marine  
  172  12:54  Marine  
Show
View Real Time Build Order
Export as new Build Order

Elazer Zerg 

Build Orders: Pool First 

Get SALT Encoding   

  8  0:00  Drone  
  9  0:10  Drone  
  10  0:16  Drone  
  11  0:22  Drone  
  12  0:32  Overlord  
  12  0:40  Extractor, Drone  
  13  0:50  Drone x2  
  15  1:00  Drone  
  16  1:06  Spawning Pool  
  16  1:10  Drone  
  16  1:19  Drone  
  17  1:34  Hatchery  
  17  1:38  Drone  
  17  1:41  Drone  
  18  1:52  Extractor  
  18  1:54  Queen  
  17  1:57  Drone  
  20  2:01  Extractor  
  20  2:02  Drone  
  21  2:10  Overlord  
  21  2:29  Queen  
  23  2:30  Drone x2  
  25  2:39  Drone  
  26  2:46  Queen  
  26  2:50  Drone  
  26  2:51  Drone  
  30  2:53  Metabolic Boost  
  30  2:57  Drone  
  31  3:00  Overlord  
  32  3:05  Drone  
  32  3:16  Overlord  
  32  3:18  Drone x4  
  36  3:26  Drone  
  37  3:31  Lair  
  37  3:34  Drone  
  38  3:36  Drone x2  
  38  3:38  Drone  
  38  3:40  Zergling x2  
  42  3:42  Overlord  
  42  3:45  Drone  
  43  3:50  Drone x2  
  43  3:52  Drone  
  43  3:54  Extractor  
  43  3:55  Extractor  
  44  4:00  Drone x2  
  46  4:03  Baneling Nest  
  46  4:08  Drone x4  
  46  4:09  Drone  
  50  4:13  Overlord  
  50  4:16  Drone x2  
  51  4:28  Hatchery  
  50  4:32  Extractor  
  50  4:33  Drone x2  
  50  4:34  Drone  
  52  4:44  Drone x2  
  52  4:45  Drone, Zergling x10  
  56  4:52  Overlord  
  60  4:54  Centrifugal Hooks  
  60  4:57  Burrow  
  60  5:00  Zergling x4  
  60  5:03  Zergling x2  
  60  5:06  Spire  
  62  5:09  Overlord  
  62  5:13  Zergling x2  
  63  5:20  Zergling x14  
  70  5:22  Baneling  
  70  5:23  Baneling x3  
  70  5:24  Zergling x2  
  70  5:26  Baneling  
  71  5:31  Overlord  
  71  5:37  Overlord  
  71  5:42  Drone x2  
  72  5:47  Drone  
  72  5:48  Drone  
  72  5:49  Drone x2  
  76  5:51  Drone x2  
  76  5:52  Drone  
  79  6:00  Drone  
  80  6:08  Overlord  
  80  6:16  Baneling x2  
  80  6:17  Hatchery  
  79  6:19  Zergling x6  
  79  6:20  Zergling x20  
  89  6:27  Zergling x2  
  89  6:31  Overlord  
  87  6:33  Drone x3  
  90  6:45  Drone  
  91  6:50  Mutalisk x7  
  91  6:52  Hatchery  
  104  6:54  Mutalisk  
  104  6:55  Mutalisk  
  104  7:00  Mutalisk  
  110  7:01  Evolution Chamber  
  110  7:02  Evolution Chamber, Drone  
  110  7:04  Drone  
  110  7:09  Overlord x2  
  110  7:21  Overlord x2  
  110  7:27  Zerg Ground Armor Level 1, Zerg Melee Weapons Level 1  
  110  7:28  Drone x6  
  110  7:29  Drone  
  117  7:31  Drone x3  
  117  7:37  Baneling x11  
  120  7:38  Overlord  
  120  7:39  Drone x2  
  120  7:40  Drone x2  
  124  7:50  Zergling x4  
  124  7:51  Zergling x10  
  130  7:58  Overlord  
  130  7:59  Zergling x8  
  134  8:09  Zergling x20  
  144  8:15  Drone x2, Overlord  
  146  8:20  Infestation Pit  
  127  8:39  Drone x13  
  127  8:41  Drone  
  141  8:44  Zergling x14  
  148  8:50  Baneling x14  
  148  8:51  Overlord  
  148  8:56  Overlord  
  148  8:57  Zergling x12  
  153  9:03  Zergling x4  
  153  9:05  Baneling x8, Hatchery  
  154  9:11  Zergling x8  
  157  9:23  Zergling x20  
  153  9:29  Pneumatized Carapace, Overseer, Zerg Melee Weapons Level 2, Zerg Ground Armor Level 2  
  151  9:32  Hive, Overlord  
  151  9:33  Zergling x10  
  151  9:34  Zergling x6  
  158  9:40  Zergling x8  
  160  9:50  Zergling x2  
  160  9:51  Zergling x8  
  152  9:57  Zergling x6  
  151  10:02  Zergling x22  
  151  10:04  Hatchery  
  160  10:08  Zergling x8, Overseer  
  153  10:19  Baneling x15  
  153  10:21  Corruptor x2  
  141  10:24  Baneling  
  141  10:25  Extractor  
  141  10:26  Extractor, Zergling x12  
  135  10:30  Zergling x18  
  142  10:35  Drone x3  
  142  10:36  Extractor  
  142  10:39  Drone x2  
  142  10:42  Corruptor  
  148  10:43  Zergling x4, Adrenal Glands  
  148  10:46  Overlord  
  150  10:51  Drone x4  
  154  10:58  Hatchery  
  154  10:59  Zergling x2  
  154  11:00  Zergling x24  
  154  11:03  Zergling x4  
  168  11:10  Zergling x8  
  167  11:12  Baneling x4  
  167  11:16  Drone  
  160  11:21  Zergling x10  
  162  11:27  Drone  
  162  11:28  Drone x11  
  159  11:33  Zergling x10  
  159  11:37  Baneling x9, Overseer  
  159  11:39  Zergling x6  
  160  11:41  Hatchery  
  160  11:43  Overlord  
  160  11:45  Spine Crawler, Spore Crawler  
  160  11:46  Zergling x6  
  158  11:47  Baneling x6  
  149  11:58  Zergling x24  
  161  12:01  Infestor x2  
  161  12:08  Zergling x12  
  171  12:09  Overlord  
  171  12:10  Ultralisk Cavern  
  171  12:11  Drone x2  
  165  12:23  Zergling x18  
  165  12:29  Zergling x14  
  167  12:33  Corruptor  
  162  12:37  Zergling x18  
  158  12:48  Zergling x16  
Tags
 
Add a new tag
Caveats
  • Supply blocks, unpowered buildings, or Contaminate may cause inaccurate times.
  • Supply counts are checked every 10 seconds.